 Dungeon Crawl Stone Soup version 0.25-a0-265-g7af84ae0ac (webtiles) character file.

Game seed: 17901384426451072363, levelgen mode: deterministic

87 Lanoc the Charlatan (level 4, 0/39 HPs)
             Began as a Naga Artificer on Dec 8, 2019.
             Slain by an orc
             ... wielding a +0 morningstar
              (14 damage)
             ... on level 2 of the Dungeon.
             The game lasted 00:03:05 (1435 turns).

Lanoc the Charlatan (Naga Artificer)                Turns: 1435, Time: 00:03:06

Health: 0/39       AC:  2    Str: 15    XL:     4   Next: 51%
Magic:  6/6        EV: 10    Int: 11    God:
Gold:   78         SH:  0    Dex: 12    Spells: 3/3 levels left

rFire    . . .     SeeInvis +   k - +0 dagger (venom)
rCold    . . .     Gourm    .   (no shield)
rNeg     . . .     Faith    .   b - +0 leather armour
rPois    +         Spirit   .   (no helmet)
rElec    .         Reflect  .   (no cloak)
rCorr    .         Harm     .   (no gloves)
MR       .....                  (no barding)
Stlth    +++.......             (no amulet)
HPRegen  0.13/turn              m - ring of stealth
MPRegen  0.10/turn              (no ring)

@: very slow
A: large, see invisible, deformed body, poison resistance, slowness 2, slow
metabolism 1, spit poison 1, AC +1
a: Spit Poison


You were on level 2 of the Dungeon.
You were not hungry.

You visited 1 branch of the dungeon, and saw 2 of its levels.

You collected 78 gold pieces.

Inventory:

Hand Weapons
 a - a +0 short sword
 k - a +0 dagger of venom (weapon)
Armour
 b - a +0 leather armour (worn)
Jewellery
 m - a ring of stealth (left hand)
Wands
 c - a wand of flame (15)
 d - a wand of enslavement (15)
 e - a wand of random effects (15)
Scrolls
 h - a scroll of fog
Potions
 g - a potion of lignification {unknown}
 i - a potion of cancellation {unknown}
 j - a potion of curing
Comestibles
 f - 3 rations


   Skills:
 + Level 1.7 Fighting
 + Level 1.9 Short Blades
 + Level 2.0 Dodging
 + Level 3.0 Stealth
 * Level 3.9 Evocations


You had 3 spell levels left.
You didn't know any spells.
Your spell library was empty.

Dungeon Overview and Level Annotations

Branches:
Dungeon (2/15)

Altars:


Innate Abilities, Weirdness & Mutations

You cannot wear boots.
Your serpentine skin is tough. (AC +1)
You have supernaturally acute eyesight. (SInv)
Armour fits poorly on your strangely shaped body.
Your system is resistant to poisons. (rPois)
You cover ground very slowly.
You have a slow metabolism.
You can spit poison.


Message History

You barely miss Jessica.
Jessica is heavily wounded.
The adder hisses angrily.
The kobold hits you with a +0 dagger.
Jessica mumbles some strange words.
Jessica seems to speed up.
You hit Jessica.
Jessica looks as sick as possible!
Jessica is heavily wounded.
The kobold hits you but does no damage. Jessica hits you with a +0 club.
You closely miss Jessica.
Jessica is severely wounded.
You kill Jessica!
Your Dodging skill increases to level 2!
Your Stealth skill increases to level 3!
The kobold closely misses you.
You have got your breath back.
The quokka barely misses you. The orc misses you.
An orc comes into view. It is wielding a +0 club.
The orc hits you with a +0 morningstar!
You die...

**,,**,*,,,**,*#.#......##
##.**#.#****#.*#.o.......#*
,..* #.# #.*#..........*
,..* #.# #.*#..........*
*#.* #.# #.*#..........*
#.* #.# #.*#...[......*
##.###.# #.##.K........*
....##.## #..##o.......#*
..>..#..######..@rS......#*
####..#.#......#..........*
###.#.#.####.#..........*
#..†....# #.#..........*
###.##.#.## #.#..........*
#...##....####.#..........*
<.######........#>....?..#*
.## #.####.#.##......#* ##
#††# #......#*****


You could see an adder, 2 orcs, a quokka and a kobold.

Vanquished Creatures
  Jessica (D:2)
  2 adders (D:2)
  An ooze (D:2)
  2 dart slugs
  3 leopard geckos
  2 goblins (D:1)
  5 hobgoblins
  3 kobolds
  3 bats (D:1)
  3 frilled lizards
  10 rats
35 creatures vanquished.

Notes
Turn   | Place    | Note
-------+----------+-------------------------------------------
     0 | D:1      | Lanoc the Naga Artificer began the quest for the Orb.
     0 | D:1      | Reached XP level 1. HP: 18/18 MP: 3/3
   301 | D:1      | Reached XP level 2. HP: 22/25 MP: 4/4
  1041 | D:1      | Reached XP level 3. HP: 31/31 MP: 5/5
  1394 | D:2      | Reached XP level 4. HP: 23/38 MP: 6/6
  1425 | D:2      | Noticed Jessica
  1433 | D:2      | Killed Jessica
  1435 | D:2      | Slain by an orc

Levels and vault maps discovered:
D:1:      dpeg_arrival_ratfight, layout_basic
D:2:      layout_rooms, minmay_misc_feat_columns, dk_noncrumbling_2,
          corner_web_ring, uniq_jessica

Skill      XL: |  1  2  3  4 |
---------------+-------------+-----
Stealth        | 2 3 |  3.0
Dodging        | 2 |  2.0
Fighting       | |  1.7
Short Blades   | |  1.9
Evocations     | |  3.9

Action                   |  1- 3 |  4- 6 || total
-------------------------+-------+-------++-------
Melee: Short sword       |    51 |       ||    51
       Dagger            |    66 |    10 ||    76
 Abil: Spit Poison       |     6 |     1 ||     7
  Use: Scroll            |     5 |       ||     5
 Stab: Sleeping          |     4 |       ||     4
       Distracted        |     1 |       ||     1
  Eat: Chunk             |     1 |       ||     1
Armor: Leather armour    |    24 |     2 ||    26
Dodge: Dodged            |    60 |     6 ||    66

Table legend:
 A = Non-vault XP
 B = Vault XP
 C = Vault XP percentage of total XP
 D = Non-vault monster count
 E = Vault monster count
 F = Vault count percentage of total count
                 A         B        C        D         E       F
            +---------+---------+-------+---------+---------+-------
      Total |      83 |      42 |  33.6 |      29 |       6 |  17.1
            +---------+---------+-------+---------+---------+-------
        D:1 |      34 |       5 |  12.8 |      19 |       5 |  20.8
        D:2 |      49 |      37 |  43.0 |      10 |       1 |   9.1
            +---------+---------+-------+---------+---------+-------
